[Event "TUR-chT Superleague 2018"]
[Site "Ankara"]
[Date "2018.07.26"]
[Round "2"]
[White "Soylu, Suat"]
[Black "Benidze, Davit"]
[Result "0-1"]
[ECO "B15"]
[WhiteElo "2339"]
[BlackElo "2487"]
[Annotator "ChessBase"]
[PlyCount "126"]
[EventDate "2018.07.25"]
[EventType "team-tourn"]
[EventCountry "TUR"]
[SourceTitle "playchess.com"]
[Source "ChessBase"]
[SourceQuality "1"]
[TimeControl "40/5400+30:1800+30"]

1. e4 c6 2. d4 g6 3. Nc3 Bg7 4. Nf3 d5 5. h3 Nh6 6. Bd3 f6 7. O-O Nf7 8. Ne2 O-O 9. c4 dxe4 10. Bxe4 Na6 11. Bc2 Nc7 12. b3 b5 13. Bd3 Nd6 14. Bf4 Be6 15. Rc1 Bf7 16. Qd2 Re8 17. Rfd1 bxc4 18. bxc4 Qc8 19. Ng3 Rd8 20. Qa5 Ne6 21. Be3 Qc7 22. Qa4 Nf8 23. Nd2 Nc8 24. Nb3 Nb6 25. Qa5 Rac8 26. Ne4 Nfd7 27. Be2 Qb8 28. Nec5 Nxc5 29. Nxc5 f5 30. Na6 Qa8 31. g3 Bf6 32. Bf1 h5 33. f4 Rd7 34. Nc5 Rd6 35. Bf2 Rcd8 36. Nb3 R6d7 37. Qc5 h4 38. g4 Qb8 39. g5 Bg7 40. Be3 e5 41. fxe5 Bxe5 42. Qxc6 Bh2+ 43. Kh1 Nd5 44. Bf2 Bf4 45. Nc5 Rc7 46. Qa4 Bxc1 47. Rxc1 Nf4 48. Qb3 Qc8 49. Rd1 Re7 50. Qf3 Nd5 51. Kg1 Nb6 52. d5 Qc7 53. Na6 Qd7 54. Nc5 Qd6 55. Nb3 Qc7 56. d6 Rxd6 57. Rxd6 Qxd6 58. c5 Qd5 59. Qc3 Nc4 60. Bd4 f4 61. Bf6 Re3 62. Qd4 Rg3+ 63. Kh2 Ne3 0-1

[Event "TUR-chT Superleague 2018"]
[Site "Ankara"]
[Date "2018.07.26"]
[Round "2"]
[White "Buksa, Nataliya"]
[Black "Ozturk, Kubra"]
[Result "1-0"]
[ECO "C76"]
[WhiteElo "2337"]
[BlackElo "2330"]
[Annotator "NA"]
[PlyCount "129"]
[EventDate "2018.07.25"]
[EventType "team-tourn"]
[EventCountry "TUR"]
[SourceTitle "playchess.com"]
[Source "ChessBase"]
[SourceQuality "1"]
[TimeControl "40/5400+30:1800+30"]

1. e4 e5 2. Nf3 Nc6 3. Bb5 a6 4. Ba4 d6 5. c3 Bd7 6. d4 g6 7. Bg5 f6 8. Be3 Bg7 9. d5 Nce7 10. Bxd7+ Qxd7 11. O-O Nh6 12. c4 O-O 13. Nc3 Nf7 14. Nd2 f5 15. f3 f4 16. Bf2 g5 17. b4 h5 18. c5 g4 19. Na4 g3 20. hxg3 fxg3 21. Bxg3 Ng6 22. cxd6 cxd6 23. Nb6 Qe7 24. Nxa8 Rxa8 25. Nc4 Qg5 26. Qe1 Bh6 27. Kh1 Kh7 28. Bf2 Nf4 29. g3 Rg8 30. Rg1 Nh3 31. Rg2 b5 32. Be3 Qf6 33. Nd2 h4 34. Bxh6 Qxh6 35. gxh4 Rxg2 36. Kxg2 Nf4+ 37. Kf1 Nd3 38. Qe2 Qxh4 39. Qxd3 Qh1+ 40. Ke2 Qxa1 41. Qc2 Qg1 42. Qc8 Qa7 43. Nb3 Kg7 44. Qc1 Kf6 45. Na5 Qd7 46. Qh1 Kg7 47. Qh4 Qa7 48. Nc6 Qb6 49. Qg4+ Kf8 50. Qc8+ Kg7 51. Qd7 Kf6 52. Qe7+ Kg7 53. Qa7 Qxa7 54. Nxa7 Kf8 55. Nc6 Ke8 56. Ke3 Ng5 57. f4 exf4+ 58. Kxf4 Nh3+ 59. Kf5 Nf2 60. Nb8 Kd8 61. Nxa6 Kc8 62. e5 dxe5 63. Nc5 Nd1 64. Ke6 Nc3 65. d6 1-0

[Event "TUR-chT Superleague 2018"]
[Site "Ankara"]
[Date "2018.07.26"]
[Round "2"]
[White "Balajayeva, Khanim"]
[Black "Ozbek, Busra"]
[Result "1-0"]
[ECO "B01"]
[WhiteElo "2332"]
[BlackElo "1848"]
[Annotator "NA"]
[PlyCount "104"]
[EventDate "2018.07.25"]
[EventType "team-tourn"]
[EventCountry "TUR"]
[SourceTitle "playchess.com"]
[Source "ChessBase"]
[SourceQuality "1"]
[TimeControl "40/5400+30:1800+30"]

1. e4 d5 2. exd5 Qxd5 3. Nc3 Qd8 4. d4 Nf6 5. Nf3 Bg4 6. h3 Bxf3 7. Qxf3 c6 8. Be3 e6 9. Bd3 Nbd7 10. O-O Bd6 11. Rfe1 O-O 12. Rad1 Qc7 13. Ne4 Nxe4 14. Qxe4 g6 15. Qf3 a5 16. h4 b5 17. h5 Rfe8 18. Bg5 Nb6 19. Re4 Be7 20. Bxe7 Rxe7 21. Rde1 Rae8 22. hxg6 hxg6 23. Rh4 f5 24. Rh6 Rg7 25. Bxf5 Qf7 26. Qxc6 gxf5 27. Qxb6 Rxg2+ 28. Kxg2 Qg7+ 29. Kf1 Qxh6 30. Qc6 Kf7 31. Qf3 Qh4 32. c3 Re7 33. Ke2 Qg5 34. Qe3 Qg2 35. Qf3 Qg5 36. Rh1 Kf6 37. Qe3 f4 38. Qe5+ Kg6 39. Qxg5+ Kxg5 40. Kf3 e5 41. Re1 Kf6 42. Rxe5 Rxe5 43. dxe5+ Kxe5 44. Ke2 Kd6 45. Kd3 Ke5 46. f3 Kd5 47. b3 b4 48. Kc2 Ke5 49. Kb2 bxc3+ 50. Kxc3 Kd5 51. a3 Ke5 52. Kc4 Ke6 1-0

[Event "TUR-chT Superleague 2018"]
[Site "Ankara"]
[Date "2018.07.26"]
[Round "2"]
[White "Sari, Yasin"]
[Black "Erdogan, Anil Berk"]
[Result "0-1"]
[ECO "A65"]
[WhiteElo "2330"]
[BlackElo "2110"]
[Annotator "NA"]
[PlyCount "116"]
[EventDate "2018.07.25"]
[EventType "team-tourn"]
[EventCountry "TUR"]
[SourceTitle "playchess.com"]
[Source "ChessBase"]
[SourceQuality "1"]
[TimeControl "40/5400+30:1800+30"]

1. d4 Nf6 2. c4 c5 3. d5 e6 4. Nc3 exd5 5. cxd5 d6 6. e4 g6 7. Nge2 Bg7 8. Ng3 h5 9. Be2 h4 10. Nf1 h3 11. g3 O-O 12. Bf4 b5 13. Nd2 a6 14. O-O Re8 15. Bf3 Qc7 16. Rc1 Nbd7 17. b4 c4 18. Be3 Ne5 19. Be2 Nfg4 20. Bd4 f5 21. Nf3 Nxf3+ 22. Bxf3 Bxd4 23. Qxd4 Ne5 24. Be2 Qa7 25. Rfd1 Qxd4 26. Rxd4 Re7 27. f4 Nd7 28. exf5 gxf5 29. Bf1 Nf6 30. Bxh3 Bd7 31. Rd2 a5 32. a3 axb4 33. axb4 Ra3 34. Bg2 Re3 35. Rdc2 Rb3 36. Na2 Red3 37. Rc3 Nxd5 38. Rxd3 Rxd3 39. Bxd5+ Rxd5 40. Rc2 Rd3 41. Nc1 Rd1+ 42. Kf2 Be8 43. g4 fxg4 44. f5 Bd7 45. Ne2 Bxf5 46. Ra2 Rd3 47. Ra5 c3 48. Rxb5 c2 49. Rb8+ Kf7 50. Rb7+ Kf6 51. Rc7 Rd1 52. b5 Rb1 53. Rc6 Ke5 54. b6 Bd3 55. b7 Rxb7 56. Nc1 Bf5 57. Ke3 Rh7 58. Ra6 Rh3+ 0-1

[Event "TUR-chT Superleague 2018"]
[Site "Ankara"]
[Date "2018.07.26"]
[Round "2"]
[White "Tuncer, Tuna"]
[Black "Caglar, Ahmet Ata"]
[Result "1-0"]
[ECO "A49"]
[WhiteElo "2328"]
[BlackElo "2097"]
[Annotator "NA"]
[PlyCount "115"]
[EventDate "2018.07.25"]
[EventType "team-tourn"]
[EventCountry "TUR"]
[SourceTitle "playchess.com"]
[Source "ChessBase"]
[SourceQuality "1"]
[TimeControl "40/5400+30:1800+30"]

1. Nf3 Nf6 2. g3 g6 3. b3 Bg7 4. Bb2 O-O 5. Bg2 d6 6. d4 a5 7. c4 a4 8. O-O c5 9. Nbd2 cxd4 10. Nxd4 Qb6 11. Bc3 a3 12. Rc1 Bd7 13. h3 Rc8 14. e4 Nc6 15. Nc2 h5 16. Qe1 h4 17. g4 Ne8 18. Bxg7 Nxg7 19. Nf3 Ne5 20. Qd2 Nxf3+ 21. Bxf3 Ne6 22. Ne3 Qd4 23. Rfd1 Qxd2 24. Rxd2 Bc6 25. Bg2 Nf4 26. f3 Kf8 27. Bf1 Bd7 28. Nd5 Nxd5 29. exd5 b5 30. Rdc2 bxc4 31. Rxc4 Rxc4 32. Bxc4 Rc8 33. Kf2 e6 34. Rd1 Ke7 35. Ke3 Rc5 36. Rd2 Bc8 37. dxe6 fxe6 38. Bd3 g5 39. Rc2 Rxc2 40. Bxc2 e5 41. Bf5 Bb7 42. Be4 d5 43. Bd3 Kd6 44. Be2 Kc5 45. Bd1 Kb4 46. Kd2 Ba6 47. Be2 Bxe2 48. Kxe2 Kc3 49. Kd1 Kb2 50. b4 Kxa2 51. Kc2 d4 52. b5 d3+ 53. Kxd3 Kb1 54. b6 a2 55. b7 a1=Q 56. b8=Q+ Kc1 57. Qc8+ Kb2 58. Qc3+ 1-0

[Event "TUR-chT Superleague 2018"]
[Site "Ankara"]
[Date "2018.07.26"]
[Round "2"]
[White "Yildiz Kadioglu, Betul Cemre"]
[Black "Unuk, Laura"]
[Result "1/2-1/2"]
[ECO "E54"]
[WhiteElo "2323"]
[BlackElo "2355"]
[Annotator "NA"]
[PlyCount "91"]
[EventDate "2018.07.25"]
[EventType "team-tourn"]
[EventCountry "TUR"]
[SourceTitle "playchess.com"]
[Source "ChessBase"]
[SourceQuality "1"]
[TimeControl "40/5400+30:1800+30"]

1. d4 Nf6 2. c4 e6 3. Nc3 Bb4 4. e3 O-O 5. Bd3 d5 6. Nf3 c5 7. O-O dxc4 8. Bxc4 a6 9. a3 Bxc3 10. bxc3 b5 11. Be2 Bb7 12. a4 Ne4 13. Bd2 c4 14. axb5 axb5 15. Rxa8 Bxa8 16. Qa1 Qd5 17. Bc1 Nd7 18. Ne1 f5 19. f3 Nef6 20. Nc2 e5 21. Nb4 Qe6 22. Qa5 exd4 23. cxd4 Rb8 24. Bd2 Nd5 25. Na6 Rc8 26. Qxb5 c3 27. Bc1 Nxe3 28. Re1 f4 29. Nc5 Nxc5 30. dxc5 Bd5 31. Bd3 Qe7 32. Bxe3 fxe3 33. Bc2 g6 34. Qd3 Qxc5 35. Qxe3 Kf7 36. Qxc5 Rxc5 37. Re3 Kf6 38. Kf2 Be6 39. g4 h5 40. h3 hxg4 41. hxg4 Rc6 42. Kg3 g5 43. f4 gxf4+ 44. Kxf4 Rc4+ 45. Re4 Rxe4+ 46. Kxe4 1/2-1/2

[Event "TUR-chT Superleague 2018"]
[Site "Ankara"]
[Date "2018.07.26"]
[Round "2"]
[White "Injac, Teodora"]
[Black "Badelka, Olga"]
[Result "1/2-1/2"]
[ECO "E17"]
[WhiteElo "2302"]
[BlackElo "2407"]
[Annotator "NA"]
[PlyCount "141"]
[EventDate "2018.07.25"]
[EventType "team-tourn"]
[EventCountry "TUR"]
[SourceTitle "playchess.com"]
[Source "ChessBase"]
[SourceQuality "1"]
[TimeControl "40/5400+30:1800+30"]

1. d4 Nf6 2. Nf3 e6 3. c4 b6 4. g3 Bb7 5. Bg2 Be7 6. O-O O-O 7. Re1 Na6 8. Nc3 d5 9. cxd5 exd5 10. Bf4 c5 11. Rc1 Ne4 12. dxc5 Naxc5 13. Be5 Nxc3 14. Bxc3 Ne4 15. Bd4 Re8 16. a3 Bd6 17. e3 Qd7 18. Qd3 Qf5 19. Qe2 Nc5 20. Nh4 Qe6 21. Rcd1 Bf8 22. Qh5 Rad8 23. Nf3 f6 24. b4 Ne4 25. Bh3 Qe7 26. Rc1 g6 27. Qh4 Qf7 28. Qf4 Re7 29. Bg2 Bc8 30. h4 Bg7 31. Nh2 h5 32. Qb8 Nd6 33. Rc6 Red7 34. Rxd6 Rxd6 35. Rc1 Bh3 36. Qc7 Bxg2 37. Kxg2 R6d7 38. Qc2 Kh7 39. Nf3 Qe6 40. Qa4 Qe4 41. Rc6 Rf7 42. Qd1 Rdd7 43. Kg1 Qg4 44. Kg2 Rc7 45. Rd6 Rfd7 46. Rxf6 Bxf6 47. Bxf6 Kg8 48. Be5 Rc8 49. Bf4 Rf8 50. Qd4 Qf5 51. Ng5 Rc8 52. Qd1 Rc2 53. e4 Rxf2+ 54. Kxf2 dxe4 55. Qb3+ Qd5 56. Qxd5+ Rxd5 57. Nxe4 Rd3 58. Bc1 Rd1 59. Bf4 Ra1 60. Ke3 Rxa3+ 61. Kd4 Ra4 62. Kc4 a5 63. Bd6 Ra1 64. bxa5 bxa5 65. Nc3 Kf7 66. Kb5 Rc1 67. Na4 Ke6 68. Bf4 Rf1 69. Kxa5 Rxf4 70. gxf4 Kf5 71. Kb4 1/2-1/2

[Event "TUR-chT Superleague 2018"]
[Site "Ankara"]
[Date "2018.07.26"]
[Round "2"]
[White "Ozenir, Ekin Baris"]
[Black "Kamer, Kayra"]
[Result "0-1"]
[ECO "A45"]
[WhiteElo "2300"]
[BlackElo "2181"]
[Annotator "NA"]
[PlyCount "52"]
[EventDate "2018.07.25"]
[EventType "team-tourn"]
[EventCountry "TUR"]
[SourceTitle "playchess.com"]
[Source "ChessBase"]
[SourceQuality "1"]
[TimeControl "40/5400+30:1800+30"]

1. d4 Nf6 2. Bg5 e6 3. e4 c5 4. e5 h6 5. Bc1 Nd5 6. c4 Nb6 7. Nf3 cxd4 8. Qxd4 Nc6 9. Qg4 d5 10. cxd5 Nb4 11. Na3 Qxd5 12. Be3 Bd7 13. Be2 Nd3+ 14. Bxd3 Qxd3 15. Rd1 Qa6 16. Bxb6 Bxa3 17. bxa3 axb6 18. Qxg7 O-O-O 19. Qg4 Bc6 20. Rc1 Kb8 21. Qc4 Bb5 22. Qb4 Rd5 23. Rd1 Bf1 24. Qe4 Qa5+ 25. Nd2 Bd3 26. Qb4 Rxe5+ 0-1

[Event "TUR-chT Superleague 2018"]
[Site "Ankara"]
[Date "2018.07.26"]
[Round "2"]
[White "Yaran, Siar"]
[Black "Ozcan, Kaan"]
[Result "1-0"]
[ECO "A16"]
[WhiteElo "2261"]
[BlackElo "1523"]
[Annotator "NA"]
[PlyCount "173"]
[EventDate "2018.07.25"]
[EventType "team-tourn"]
[EventCountry "TUR"]
[SourceTitle "playchess.com"]
[Source "ChessBase"]
[SourceQuality "1"]
[TimeControl "40/5400+30:1800+30"]

1. c4 Nf6 2. Nc3 d5 3. cxd5 Nxd5 4. Nf3 g6 5. e4 Nxc3 6. dxc3 Qxd1+ 7. Kxd1 Bg4 8. Be2 Bxf3 9. Bxf3 c6 10. Be3 Bg7 11. Kc2 Nd7 12. Rad1 a6 13. a4 O-O-O 14. b4 Rhe8 15. Be2 Nf6 16. f3 Rxd1 17. Rxd1 Rd8 18. Rb1 Nd7 19. b5 axb5 20. axb5 cxb5 21. Bxb5 Be5 22. Bc4 e6 23. h4 Bc7 24. h5 Ne5 25. Bb5 Nc6 26. Rh1 Bd6 27. hxg6 hxg6 28. Rh7 Rd7 29. f4 Kc7 30. e5 Bf8 31. g4 b6 32. Bf2 Bc5 33. Bg3 Re7 34. f5 gxf5 35. gxf5 Kb7 36. f6 Rc7 37. Be2 Be3 38. Bh5 Nd8 39. Bf3+ Nc6 40. Kd3 Bc1 41. Rh1 Ba3 42. Ra1 Bc5 43. Kc4 Kb8 44. Rh1 Nd8 45. Kb5 Be3 46. Rh8 Kc8 47. Bh5 Kd7 48. Rf8 Kc8 49. Re8 Bc5 50. Ka4 Kd7 51. Rg8 Be3 52. Kb3 Bc5 53. Be2 Be3 54. Bb5+ Kc8 55. Re8 Bc5 56. Bf4 Bf2 57. Ba6+ Kd7 58. Re7+ Kc6 59. Bb5+ Kb7 60. Be8 Bc5 61. Rxc7+ Kxc7 62. Kc4 Kb7 63. Kd3 Ka6 64. Ke4 b5 65. Bd2 Bg1 66. Bc1 Kb6 67. Ba3 Bc5 68. Bb4 Bf2 69. Be7 Kc7 70. Bxb5 Nc6 71. Bd6+ Kb6 72. Be2 Bc5 73. Bxc5+ Kxc5 74. Ba6 Nd8 75. c4 Kb6 76. Bb5 Kc5 77. Kd3 Nb7 78. Be8 Na5 79. Bxf7 Nxc4 80. Ke4 Nd6+ 81. exd6 Kxd6 82. Bg8 Kd7 83. Ke5 Ke8 84. Kxe6 Kf8 85. Bh7 Ke8 86. Bc2 Kf8 87. f7 1-0

[Event "TUR-chT Superleague 2018"]
[Site "Ankara"]
[Date "2018.07.26"]
[Round "2"]
[White "Demircioglu, Emre"]
[Black "Dastan, Muhammed Batuhan"]
[Result "0-1"]
[ECO "E63"]
[WhiteElo "2244"]
[BlackElo "2552"]
[Annotator "ChessBase"]
[PlyCount "140"]
[EventDate "2018.07.25"]
[EventType "team-tourn"]
[EventCountry "TUR"]
[SourceTitle "playchess.com"]
[Source "ChessBase"]
[SourceQuality "1"]
[TimeControl "40/5400+30:1800+30"]

1. d4 Nf6 2. c4 g6 3. Nc3 Bg7 4. g3 O-O 5. Bg2 d6 6. Nf3 Nc6 7. O-O a6 8. Re1 Rb8 9. Rb1 Nh5 10. d5 Na5 11. Qd3 c5 12. b4 cxb4 13. Rxb4 Qc7 14. Bd2 Bd7 15. Rc1 Rfc8 16. Na4 b6 17. Qb1 Bxa4 18. Rxa4 Nf6 19. Bh3 Nd7 20. Qb4 f5 21. e4 Nc5 22. exf5 Nd3 23. Qa3 Nxc1 24. Qxc1 Nxc4 25. f6 Bxf6 26. Bxc8 Rxc8 27. Bg5 Ne5 28. Qxc7 Nxf3+ 29. Kg2 Rxc7 30. Bxf6 Ne1+ 31. Kf1 Nf3 32. Kg2 Ne1+ 33. Kf1 exf6 34. Kxe1 a5 35. Rf4 Kf7 36. a4 Rc5 37. Rd4 f5 38. Kd2 Kf6 39. f4 h6 40. Rd3 Rc4 41. Rb3 Rxa4 42. Kc3 g5 43. Rxb6 gxf4 44. gxf4 Rxf4 45. Rxd6+ Ke5 46. Rxh6 Kxd5 47. h4 Rf3+ 48. Kd2 Ke4 49. h5 Ra3 50. Rh8 f4 51. h6 Rh3 52. h7 Kf3 53. Kc2 Rh6 54. Kb2 Rb6+ 55. Ka3 Rb7 56. Ka4 Re7 57. Kxa5 Ke3 58. Kb6 f3 59. Kc6 f2 60. Kd6 f1=Q 61. Kxe7 Qf5 62. Re8 Qxh7+ 63. Kd6+ Kd4 64. Re6 Qb7 65. Re8 Qb6+ 66. Ke7 Ke5 67. Kf7+ Kf5 68. Kg7 Qg6+ 69. Kf8 Qf6+ 70. Kg8 Kg6 0-1

[Event "TUR-chT Superleague 2018"]
[Site "Ankara"]
[Date "2018.07.26"]
[Round "2"]
[White "Yilmaz, Goktan"]
[Black "Kilic, Efe Mert"]
[Result "1/2-1/2"]
[ECO "B09"]
[WhiteElo "2233"]
[BlackElo "2317"]
[Annotator "NA"]
[PlyCount "45"]
[EventDate "2018.07.25"]
[EventType "team-tourn"]
[EventCountry "TUR"]
[SourceTitle "playchess.com"]
[Source "ChessBase"]
[SourceQuality "1"]
[TimeControl "40/5400+30:1800+30"]

1. e4 d6 2. d4 Nf6 3. Nc3 g6 4. f4 Bg7 5. Nf3 O-O 6. Be3 Nbd7 7. Qd2 c5 8. h3 cxd4 9. Bxd4 Qa5 10. Bd3 e5 11. fxe5 Nxe5 12. Nxe5 dxe5 13. Be3 Be6 14. O-O Nh5 15. Nd5 Qxd2 16. Bxd2 Bxd5 17. exd5 Rad8 18. Bb4 e4 19. Bxe4 Bd4+ 20. Kh2 Be5+ 21. Kg1 Bd4+ 22. Kh2 Be5+ 23. Kg1 1/2-1/2

[Event "TUR-chT Superleague 2018"]
[Site "Ankara"]
[Date "2018.07.26"]
[Round "2"]
[White "Samani, Yamac"]
[Black "Ozen, Bahadir"]
[Result "1/2-1/2"]
[ECO "C47"]
[WhiteElo "2227"]
[BlackElo "2317"]
[Annotator "NA"]
[PlyCount "59"]
[EventDate "2018.07.25"]
[EventType "team-tourn"]
[EventCountry "TUR"]
[SourceTitle "playchess.com"]
[Source "ChessBase"]
[SourceQuality "1"]
[TimeControl "40/5400+30:1800+30"]

1. e4 e5 2. Nf3 Nc6 3. Nc3 Nf6 4. d4 exd4 5. Nxd4 Bb4 6. Nxc6 bxc6 7. Bd3 d5 8. exd5 O-O 9. O-O Bg4 10. Be2 Bxe2 11. Qxe2 cxd5 12. Qf3 Re8 13. Bg5 Bxc3 14. bxc3 Qd6 15. Bxf6 Qxf6 16. Qxd5 Qxc3 17. Qb3 Qc5 18. Rfe1 Qc6 19. h3 g6 20. Rad1 Rxe1+ 21. Rxe1 Re8 22. Rxe8+ Qxe8 23. Kf1 Qc6 24. Qb8+ Kg7 25. Qb2+ Kg8 26. Qb8+ Kg7 27. Qb2+ Kg8 28. Qb8+ Kg7 29. Qb2+ Kg8 30. Qb8+ 1/2-1/2

[Event "TUR-chT Superleague 2018"]
[Site "Ankara"]
[Date "2018.07.26"]
[Round "2"]
[White "Kinsiz, Onur"]
[Black "Ertan, Can"]
[Result "1-0"]
[ECO "C54"]
[WhiteElo "2204"]
[BlackElo "2379"]
[Annotator "NA"]
[PlyCount "85"]
[EventDate "2018.07.25"]
[EventType "team-tourn"]
[EventCountry "TUR"]
[SourceTitle "playchess.com"]
[Source "ChessBase"]
[SourceQuality "1"]
[TimeControl "40/5400+30:1800+30"]

1. e4 e5 2. Nf3 Nc6 3. Bc4 Bc5 4. c3 Nf6 5. d4 exd4 6. e5 d5 7. Bb5 Ne4 8. cxd4 Bb4+ 9. Bd2 Nxd2 10. Bxc6+ bxc6 11. Nbxd2 O-O 12. O-O Bg4 13. h3 Bh5 14. Qa4 c5 15. Rac1 Rb8 16. dxc5 Qe7 17. a3 Bxd2 18. Nxd2 Qxe5 19. b4 a5 20. bxa5 Qb2 21. Qf4 Ra8 22. Nf3 Qxa3 23. Nd4 Qxa5 24. Nc6 Qa2 25. Qxc7 Qd2 26. Qe5 Be2 27. Rfe1 Bc4 28. Red1 Qh6 29. Ne7+ Kh8 30. Nxd5 Bb3 31. Re1 f6 32. Qf5 Rae8 33. Nb6 Qd2 34. Qb1 Re5 35. c6 Bc2 36. Qa1 Rf5 37. Rf1 Rg5 38. Qa3 Re8 39. c7 Be4 40. g3 Bd3 41. c8=Q Rxg3+ 42. Kh2 Rge3 43. Qf8+ 1-0

[Event "TUR-chT Superleague 2018"]
[Site "Ankara"]
[Date "2018.07.26"]
[Round "2"]
[White "Kara, Yanki"]
[Black "Bozbey, Ali"]
[Result "0-1"]
[ECO "A45"]
[WhiteElo "2120"]
[BlackElo "2126"]
[Annotator "NA"]
[PlyCount "107"]
[EventDate "2018.07.25"]
[EventType "team-tourn"]
[EventCountry "TUR"]
[SourceTitle "playchess.com"]
[Source "ChessBase"]
[SourceQuality "1"]
[TimeControl "40/5400+30:1800+30"]

1. d4 Nf6 2. Bg5 Ne4 3. Bf4 d5 4. f3 Nf6 5. Nc3 e6 6. e4 Bb4 7. Bd3 c5 8. dxc5 O-O 9. Bd6 Re8 10. Nge2 b6 11. e5 Nfd7 12. cxb6 Bxd6 13. exd6 Qxb6 14. Nb5 Na6 15. a4 Ne5 16. Nec3 Bd7 17. Qe2 Nxd3+ 18. Qxd3 Nb4 19. Qd2 Rec8 20. Qf2 d4 21. a5 Qc5 22. Nc7 Rxc7 23. dxc7 Qxc7 24. Ra3 dxc3 25. Rxc3 Qe5+ 26. Qe2 Qxa5 27. O-O Nd5 28. Ra3 Qb6+ 29. Qf2 Qxf2+ 30. Kxf2 a5 31. b3 a4 32. bxa4 Rxa4 33. Rfa1 Rxa3 34. Rxa3 Kf8 35. c4 Nb4 36. Ra8+ Ke7 37. Ke3 e5 38. g4 Nc2+ 39. Kd3 Ne1+ 40. Ke2 Nxf3 41. Ra7 Nxh2 42. c5 Kd8 43. c6 Bxg4+ 44. Ke3 Be6 45. Kd3 Nf3 46. Ke4 Nd4 47. Ra8+ Kc7 48. Kxe5 Nxc6+ 49. Ke4 Kd6 50. Rh8 h6 51. Rh7 Bd5+ 52. Ke3 Ne7 53. Rh8 Ke6 54. Rb8 0-1

[Event "TUR-chT Superleague 2018"]
[Site "Ankara"]
[Date "2018.07.26"]
[Round "2"]
[White "Unat, Can Haktan"]
[Black "Isik, Alparslan"]
[Result "1/2-1/2"]
[ECO "B55"]
[WhiteElo "2047"]
[BlackElo "2212"]
[Annotator "NA"]
[PlyCount "111"]
[EventDate "2018.07.25"]
[EventType "team-tourn"]
[EventCountry "TUR"]
[SourceTitle "playchess.com"]
[Source "ChessBase"]
[SourceQuality "1"]
[TimeControl "40/5400+30:1800+30"]

1. e4 c5 2. Nf3 d6 3. d4 cxd4 4. Nxd4 Nf6 5. f3 e5 6. Bb5+ Nbd7 7. Nf5 d5 8. exd5 a6 9. Bxd7+ Bxd7 10. Ne3 Bc5 11. Nc3 O-O 12. O-O Nh5 13. g4 f5 14. Kh1 fxg4 15. Nxg4 Bxg4 16. fxg4 Rxf1+ 17. Qxf1 Qh4 18. gxh5 Rf8 19. Bf4 Rxf4 20. Qe2 Qh3 21. Ne4 Qe3 22. Qxe3 Bxe3 23. Nd6 Rf6 24. Nc4 Bf4 25. d6 Rf7 26. Rd1 Rd7 27. Nb6 Rd8 28. Kg2 e4 29. d7 Bc7 30. Na4 b6 31. Nc3 Kf7 32. Nxe4 Ke7 33. Nc3 Rxd7 34. Nd5+ Kf7 35. c4 Be5 36. b3 Ke6 37. Rf1 Rd8 38. Re1 b5 39. Nc7+ Kf5 40. Rf1+ Ke4 41. Nxa6 Rd2+ 42. Rf2 Rxf2+ 43. Kxf2 bxc4 44. bxc4 Bxh2 45. Kg2 Be5 46. c5 Kd5 47. Kf3 Kc6 48. Ke4 Bg3 49. a4 g6 50. hxg6 hxg6 51. Kd4 Bf2+ 52. Kc4 Be1 53. Nb8+ Kc7 54. Na6+ Kc6 55. Nb8+ Kc7 56. Na6+ 1/2-1/2

[Event "TUR-chT Superleague 2018"]
[Site "Ankara"]
[Date "2018.07.26"]
[Round "2"]
[White "Sade, Defne"]
[Black "Onbasi, Irem"]
[Result "1/2-1/2"]
[ECO "B12"]
[WhiteElo "1954"]
[BlackElo "1427"]
[Annotator "NA"]
[PlyCount "39"]
[EventDate "2018.07.25"]
[EventType "team-tourn"]
[EventCountry "TUR"]
[SourceTitle "playchess.com"]
[Source "ChessBase"]
[SourceQuality "1"]
[TimeControl "40/5400+30:1800+30"]

1. e4 c6 2. d4 d5 3. e5 Bf5 4. Be2 e6 5. Nf3 Nd7 6. O-O Ne7 7. Nh4 Be4 8. f3 Bg6 9. Nc3 c5 10. Nb5 Nc6 11. Nxg6 hxg6 12. c4 Nb6 13. cxd5 Nxd5 14. Bc4 Rc8 15. Qb3 cxd4 16. Rd1 Bc5 17. Nd6+ Bxd6 18. Bxd5 Bxe5 19. Bxc6+ bxc6 20. f4 1/2-1/2

[Event "TUR-chT Superleague 2018"]
[Site "Ankara"]
[Date "2018.07.26"]
[Round "2"]
[White "Gok, Fatih"]
[Black "Keler, Faruk"]
[Result "0-1"]
[ECO "D66"]
[WhiteElo "1952"]
[BlackElo "2286"]
[Annotator "NA"]
[PlyCount "100"]
[EventDate "2018.07.25"]
[EventType "team-tourn"]
[EventCountry "TUR"]
[SourceTitle "playchess.com"]
[Source "ChessBase"]
[SourceQuality "1"]
[TimeControl "40/5400+30:1800+30"]

1. d4 d5 2. c4 e6 3. Nf3 Nf6 4. Nc3 a6 5. Bg5 Be7 6. e3 O-O 7. Rc1 Nbd7 8. a4 c6 9. Bd3 dxc4 10. Bxc4 b5 11. Bd3 bxa4 12. Nxa4 Qa5+ 13. Nc3 c5 14. O-O cxd4 15. Ra1 Qb4 16. Nxd4 Bb7 17. Qb3 Rfb8 18. Qc2 h6 19. Bh4 Nc5 20. Be2 Rc8 21. f3 g6 22. Be1 Qb6 23. Na4 Nxa4 24. Qxa4 e5 25. Ba5 Qc5 26. b4 Qa7 27. Nc2 Nd5 28. Rfe1 Rxc2 29. Qxc2 Nxe3 30. Qc7 Nd5+ 31. Bb6 Qxb6+ 32. Qxb6 Nxb6 33. Reb1 Nd5 34. b5 Nc3 35. Rb2 Nxe2+ 36. Rxe2 Bc5+ 37. Kh1 Bd4 38. bxa6 Rxa6 39. Rb1 Bd5 40. h4 Kg7 41. Rd1 Ra1 42. Red2 Rxd1+ 43. Rxd1 g5 44. hxg5 hxg5 45. Kh2 f5 46. Kg3 Kf6 47. Rh1 e4 48. fxe4 fxe4 49. Rh8 e3 50. Rf8+ Ke7 0-1

[Event "TUR-chT Superleague 2018"]
[Site "Ankara"]
[Date "2018.07.26"]
[Round "2"]
[White "Cansun, Can Alp"]
[Black "Shevchenko, Kirill"]
[Result "1/2-1/2"]
[ECO "B90"]
[WhiteElo "1894"]
[BlackElo "2554"]
[Annotator "RC"]
[PlyCount "98"]
[EventDate "2018.07.25"]
[EventType "team-tourn"]
[EventCountry "TUR"]
[SourceTitle "playchess.com"]
[Source "ChessBase"]
[SourceQuality "1"]
[TimeControl "40/5400+30:1800+30"]

1. e4 c5 2. Nf3 d6 3. d4 cxd4 4. Nxd4 Nf6 5. Nc3 a6 6. Be3 e5 7. Nf3 Qc7 8. a4 Be7 9. a5 O-O 10. Be2 Be6 11. O-O Nbd7 12. Nd5 Nxd5 13. exd5 Bf5 14. c4 Bg6 15. Nd2 f5 16. f3 Bf6 17. Qb3 Rae8 18. Qa3 f4 19. Bf2 e4 20. fxe4 Bxe4 21. Nxe4 Rxe4 22. Bd3 Ree8 23. Rac1 Nc5 24. b4 Ne4 25. Bxe4 Rxe4 26. c5 dxc5 27. bxc5 Bd4 28. Bxd4 Rxd4 29. d6 Qc6 30. Rfd1 Qd5 31. Qf3 Rxd1+ 32. Qxd1 Qg5 33. Qf3 Re8 34. Qb3+ Kh8 35. Qf7 Qe5 36. Qb3 Qd4+ 37. Kf1 h6 38. Rd1 Qxc5 39. d7 Rd8 40. Qf7 Kh7 41. Rd5 Qc1+ 42. Kf2 Qe3+ 43. Kf1 Qe4 44. Kf2 Qe3+ 45. Kf1 Qc1+ 46. Kf2 Qb2+ 47. Kf3 Qa3+ 48. Kf2 Qc1 49. Qe7 Qb2+ 1/2-1/2

[Event "TUR-chT Superleague 2018"]
[Site "Ankara"]
[Date "2018.07.26"]
[Round "2"]
[White "Yildirim, Ibrahim Halil"]
[Black "Tasdogen, Dincer"]
[Result "0-1"]
[ECO "B38"]
[WhiteElo "1887"]
[BlackElo "2280"]
[Annotator "NA"]
[PlyCount "58"]
[EventDate "2018.07.25"]
[EventType "team-tourn"]
[EventCountry "TUR"]
[SourceTitle "playchess.com"]
[Source "ChessBase"]
[SourceQuality "1"]
[TimeControl "40/5400+30:1800+30"]

1. e4 c5 2. Nf3 g6 3. d4 cxd4 4. Nxd4 Bg7 5. c4 Nc6 6. Be3 Nf6 7. Nc3 d6 8. Be2 O-O 9. O-O Bd7 10. Nc2 Rc8 11. f3 a6 12. Na4 Be6 13. Nb6 Rb8 14. Rb1 Nd7 15. Nd5 f5 16. Nd4 Bxd4 17. Bxd4 fxe4 18. fxe4 Rxf1+ 19. Bxf1 Bxd5 20. exd5 Nxd4 21. Qxd4 Ne5 22. b4 Qd7 23. c5 Rf8 24. b5 Qf5 25. Rd1 axb5 26. Bxb5 Qg5 27. Kh1 Ng4 28. Rf1 Rxf1+ 29. Bxf1 Qh4 0-1